 Dungeon Crawl Stone Soup version 0.21-a0-258-g4c0eb85 (webtiles) character file.

7207 Shovel the Grappler (level 10, 0/106 HPs)
             Began as a Troll Monk on Sept 6, 2017.
             Was a High Priest of Trog.
             Slain by a killer bee (1 damage)
             ... on level 10 of the Dungeon.
             The game lasted 00:11:46 (8595 turns).

Shovel the Grappler (Troll Monk)                    Turns: 8595, Time: 00:11:46

Health: 0/106      AC:  7    Str: 24    XL:     10   Next: 87%
Magic:  9/9        EV:  8    Int:  6    God:    Trog [*****.]
Gold:   463        SH: 16    Dex: 12    Spells: 9/9 levels left

rFire    . . .     SeeInvis .     - Unarmed
rCold    . . .     Gourm    +   x - +0 large shield
rNeg     . . .     Faith    .   a - +0 robe
rPois    .         Spirit   .   f - +2 hat
rElec    .         Reflect  .   (no cloak)
rCorr    .         Harm     .   (gloves unavailable)
MR       ++...                  (boots unavailable)
Stlth    +.........             (no amulet)
HPRegen  1.67/turn              (no ring)
MPRegen  0.11/turn              (no ring)

@: lethally poisoned (0 -> -1), berserk cooldown, regenerating, slowed, drained,
very slow
A: unfitting armour, claws 3, fast metabolism 3, gourmand, regeneration 1,
shaggy fur 1, tough skin 2
a: Berserk, Trog's Hand, Brothers in Arms, Burn Spellbooks, Renounce Religion


You were on level 10 of the Dungeon.
You worshipped Trog.
Trog was extremely pleased with you.
You were very full.

You visited 2 branches of the dungeon, and saw 11 of its levels.

You collected 463 gold pieces.

Inventory:

Missiles
 c - 387 stones (quivered)
Armour
 a - a +0 robe (worn)
 f - a +2 hat (worn)
 x - a +0 large shield (worn)
Jewellery
 q - an uncursed ring of fire {unknown}
 A - an uncursed ring of poison resistance {unknown}
Wands
 y - a wand of lightning (8/15)
 z - a wand of polymorph (8/24)
 K - a wand of polymorph (18/24)
Scrolls
 g - 3 scrolls of amnesia {unknown}
 h - 2 scrolls of remove curse {unknown}
 i - a scroll of fear {unknown}
 j - 7 scrolls of identify {unknown}
 k - 4 scrolls of enchant armour
 n - 2 scrolls of recharging {unknown}
 o - 6 scrolls of teleportation {unknown}
 s - 2 scrolls of noise {unknown}
 u - 2 scrolls of enchant weapon {unknown}
 G - a scroll of magic mapping {unknown}
 H - a scroll of blinking {unknown}
Potions
 e - 2 potions of brilliance {unknown}
 l - a potion of resistance {unknown}
 p - 4 potions of might {unknown}
 t - 2 potions of berserk rage {unknown}
 v - a potion of heal wounds {unknown}
 w - a potion of lignification {unknown}
 B - a potion of cancellation {unknown}
 C - a potion of curing {unknown}
 E - a potion of haste {unknown}
 F - a potion of mutation {unknown}
 I - a potion of agility {unknown}
Books
 D - a book of Conjurations

   Spells                             Type                      Level
   a - Magic Dart                     Conjuration                  1
   b - Searing Ray                    Conjuration                  2
   c - Dazzling Spray                 Conjuration/Hexes            3
   d - Fulminant Prism                Conjuration/Hexes            4
   e - Force Lance                    Conjuration/Translocation    4
   f - Iskenderun's Mystic Blast      Conjuration                  4
   Trog disapproves of the use of such an item.
Miscellaneous
 J - a lightning rod (4/4)
Comestibles
 b - 12 bread rations
 d - 4 royal jellies
 m - 4 meat rations
 r - 4 fruits
 L - 9 chunks of flesh


   Skills:
 + Level 8.5(8.0) Fighting
 - Level 3.2(2.8) Dodging
 - Level 1.0(0.6) Stealth
 + Level 7.1(6.6) Shields
 + Level 10.8(10.3) Unarmed Combat


You had 9 spell levels left.
You didn't know any spells.

Dungeon Overview and Level Annotations

Branches:
Dungeon (10/15)            Temple (1/1) D:4            Lair (0/6) D:8
    Orc: D:9-12

Altars:
Ashenzari
Cheibriados
Dithmenos
Elyvilon
Fedhas
Gozag
Hepliaklqana
Kikubaaqudgha
Makhleb
Nemelex Xobeh
Okawaru
Qazlal
Ru
Sif Muna
Trog
Uskayaw
Vehumet
Wu Jian
Xom
Yredelemnul
Zin
The Shining One

Shops:
D:5 (


Innate Abilities, Weirdness & Mutations

You are too large for most types of armour.
You have claws for hands.
Your metabolism is lightning-fast.
You like to eat raw meat.
Your natural rate of healing is unusually fast.
You are covered in fur. (AC +1)
You have very tough skin. (AC +2)


Message History

You feel sick. The killer bee stings you.
* * * LOW HITPOINT WARNING * * *
You are more poisoned.
The killer bee poisons you!
Unknown command.
You barely miss the killer bee.
* * * LOW HITPOINT WARNING * * *
You feel sick. You block the killer bee's attack. x2
Unknown command.
You closely miss the killer bee.
You feel sick. You block the killer bee's attack. You block the wight's attack.
Unknown command.
You claw the wight!
The wight is almost destroyed.
You are no longer berserk.
You are exhausted.
You feel yourself slow down.
* * * LOW HITPOINT WARNING * * *
You feel sick. The killer bee stings you.
You die...

#......# #......###+##
#.......)...#
#...........#
########....# #....#
+....#
#...รท#################
#...(@y...............
######z...............
#................
########.........
#(........ #.........
#......... #.........
#.........


You could see a killer bee and a wight.

Vanquished Creatures
  A centaur warrior (D:10)
  A two-headed ogre (D:8)
  The ghost of Sharky the Grappler, a novice TrMo of Okawaru (D:9)
  A troll (D:9)
  A hornet (D:9)
  Sigmund (D:2)
  Eustachio (D:6)
  A steam dragon (D:7)
  3 wargs (D:8)
  A water moccasin (D:6)
  2 sky beasts
  3 orc warriors
  An ice beast (D:9)
  5 ogres
  A crocodile (D:5)
  4 centaurs
  2 big kobolds
  10 bullfrogs
  A scorpion (D:9)
  9 killer bees
  2 wights (D:10)
  4 howler monkeys
  An electric eel (D:6)
  3 crimson imps
  3 hounds
  A bullfrog zombie (D:5)
  8 orc wizards
  An orc priest (D:8)
  3 bullfrog skeletons
  4 iguanas
  2 jellies
  3 worker ants
  A hound zombie (D:9)
  A worker ant zombie (D:5)
  A mummy (D:6)
  10 gnolls
  4 adders
  2 shadow imps
  3 oozes
  2 adder zombies
  A worm (D:3)
  A dart slug (D:5)
  7 leopard geckos
  15 orcs
  A ball python (D:1)
  9 bats
  7 giant cockroaches
  12 goblins
  10 hobgoblins
  14 jackals
  22 kobolds
  5 quokkas
  5 frilled lizards
  A giant cockroach zombie (D:6)
  A leopard gecko skeleton (D:4)
  3 quokka zombies
  6 rats
229 creatures vanquished.

Notes
Turn   | Place    | Note
-------+----------+-------------------------------------------
     0 | D:1      | Shovel the Troll Monk began the quest for the Orb.
     0 | D:1      | Reached XP level 1. HP: 22/22 MP: 0/0
   141 | D:1      | Reached XP level 2. HP: 25/29 MP: 1/1
   336 | D:1      | Reached XP level 3. HP: 34/36 MP: 2/2
   906 | D:2      | Noticed Sigmund
   913 | D:2      | Killed Sigmund
   913 | D:2      | Reached skill level 4 in Unarmed Combat
   913 | D:2      | Reached XP level 4. HP: 45/45 MP: 3/3
   913 | D:2      | Reached XP level 5. HP: 53/53 MP: 4/4
  1320 | D:2      | Found a sacrificial altar of Ru.
  1331 | D:2      | Reached skill level 5 in Unarmed Combat
  1847 | D:2      | Found a shadowy altar of Dithmenos.
  1921 | D:3      | Reached XP level 6. HP: 62/62 MP: 5/5
  2116 | D:3      | Found a basalt altar of Yredelemnul.
  2729 | D:4      | Found a staircase to the Ecumenical Temple.
  2801 | Temple   | Entered the Ecumenical Temple
  2906 | Temple   | Became a worshipper of Trog the Wrathful
  2906 | Temple   | Reached * piety under Trog
  2906 | Temple   | Reached ** piety under Trog
  3246 | D:5      | Entered Level 5 of the Dungeon
  3246 | D:5      | Noticed a sky beast
  3272 | D:5      | Killed a sky beast
  3272 | D:5      | Reached skill level 6 in Unarmed Combat
  3272 | D:5      | Reached XP level 7. HP: 33/70 MP: 6/6
  3569 | D:5      | Found Umnumom's Antique Weapon Boutique.
  3748 | D:5      | Reached skill level 7 in Unarmed Combat
  4005 | D:5      | Reached skill level 1 in Shields
  4133 | D:5      | Reached *** piety under Trog
  4282 | D:6      | Reached skill level 5 in Fighting
  4282 | D:6      | Reached XP level 8. HP: 78/80 MP: 7/7
  4617 | D:6      | Noticed Eustachio
  4638 | D:6      | Killed Eustachio
  4837 | D:6      | Reached skill level 8 in Unarmed Combat
  5615 | D:6      | Found a snail-covered altar of Cheibriados.
  5793 | D:7      | Reached XP level 9. HP: 89/89 MP: 8/8
  5821 | D:7      | Found a burning altar of Makhleb.
  5894 | D:7      | Found a hazy altar of Hepliaklqana.
  6087 | D:7      | Reached skill level 9 in Unarmed Combat
  6090 | D:7      | Reached **** piety under Trog
  6675 | D:8      | Found a staircase to the Lair.
  6701 | D:8      | Reached skill level 5 in Shields
  7034 | D:8      | Noticed a two-headed ogre
  7044 | D:8      | Killed a two-headed ogre
  7044 | D:8      | Reached XP level 10. HP: 58/102 MP: 9/9
  7176 | D:8      | Found a radiant altar of Vehumet.
  7176 | D:8      | Found an iron altar of Okawaru.
  7668 | D:9      | Reached skill level 10 in Unarmed Combat
  7716 | D:9      | Noticed Sharky's ghost (novice TrMo)
  7738 | D:9      | Killed Sharky's ghost
  7825 | D:9      | Found a white marble altar of Elyvilon.
  7876 | D:9      | Reached ***** piety under Trog
  8377 | D:10     | Entered Level 10 of the Dungeon
  8564 | D:10     | Noticed a centaur warrior
  8579 | D:10     | Killed a centaur warrior
  8589 | D:10     | HP: 7/159 [wight/enchanted mace (5)]
  8592 | D:10     | HP: 3/159 [killer bee (4)]
  8595 | D:10     | HP: 1/106 [poisoned by a killer bee]
  8595 | D:10     | Slain by a killer bee

Vault maps used:
D:1:      erik_arrival_gehennom
D:2:      marbit_many_paths, nicolae_ru_great_annihilating_truth, uniq_sigmund
D:3:      overflow_temple_1_default, first_bread
D:4:      minmay_temple_entry_hall
D:5:      serial_shops, shop_fountains, st_stairs_4
D:6:      slow_altar_2, lightli_minifort, uniq_eustachio
D:7:      lemuel_round_altar, lemuel_round_altar, grunt_ogre_cave
D:8:      nicolae_overflow_hidden_temple, erik_lair_orcish_takeover
D:9:      elyvilon_altar_5, st_stairs_10
D:10:     lemuel_mausoleum_altar_yredelemnul
Temple:   dshaligram_water_room_temple

Skill      XL: |  1  2  3  4  5  6  7  8  9 10 |
---------------+-------------------------------+-----
Fighting       | 3 4 5 6 7 8 |  8.5
Dodging        | 3 |  3.2
Unarmed Combat | 4 5 6 7 8 9 10 | 10.8
Shields        | 1 3 5 7 |  7.1
Stealth        | |  1.0

Action                   |  1- 3 |  4- 6 |  7- 9 | 10-12 || total
-------------------------+-------+-------+-------+-------++-------
Melee: Unarmed           |    96 |   124 |   306 |   163 ||   689
       Punch             |       |     1 |     1 |       ||     2
Throw: Stone             |       |     2 |       |       ||     2
Invok: Berserk           |       |       |     9 |     5 ||    14
       Trog's Hand       |       |       |     1 |     1 ||     2
  Use: Scroll            |     1 |       |       |       ||     1
 Stab: Sleeping          |     4 |     4 |     1 |     1 ||    10
       Invisible         |       |     1 |       |       ||     1
  Eat: Chunk             |    13 |    19 |    43 |    22 ||    97
Armor: Robe              |    32 |    35 |    55 |    22 ||   144
Dodge: Dodged            |    59 |    57 |    63 |    44 ||   223
Block: Large shield      |       |       |   160 |   177 ||   337

Table legend:
 A = Spawn XP
 B = Non-spawn XP
 C = Spawn XP percentage of total XP
 D = Spawn monster count
 E = Non-spawn monster count
 F = Spawn count percentage of total count
 G = Total turns spent on level
                    A         B        C        D         E        F      G
               +---------+---------+-------+---------+---------+-------+---------
         Total |       0 |   10296 |   0.0 |       0 |     229 |   0.0 |  8595
               +---------+---------+-------+---------+---------+-------+---------
           D:1 |       0 |      64 |   0.0 |       0 |      31 |   0.0 |   871
           D:2 |       0 |     315 |   0.0 |       0 |      23 |   0.0 |  1006
           D:3 |       0 |      33 |   0.0 |       0 |      15 |   0.0 |   557
           D:4 |       0 |     204 |   0.0 |       0 |      11 |   0.0 |   700
           D:5 |       0 |     620 |   0.0 |       0 |      25 |   0.0 |   982
           D:6 |       0 |    1387 |   0.0 |       0 |      24 |   0.0 |  1455
           D:7 |       0 |    1291 |   0.0 |       0 |      26 |   0.0 |   930
           D:8 |       0 |    2131 |   0.0 |       0 |      23 |   0.0 |   849
           D:9 |       0 |    2514 |   0.0 |       0 |      26 |   0.0 |   915
          D:10 |       0 |    1737 |   0.0 |       0 |      25 |   0.0 |   218
               +---------+---------+-------+---------+---------+-------+---------
